 Dungeon Crawl Stone Soup version 0.23-a0-484-g29ba69c (webtiles) character file.

1204 MisterFreud the Fighter (level 8, -4/74 HPs)
             Began as a Hill Orc Monk on Nov 30, 2018.
             Was a Follower of Beogh.
             Slain by an orc warrior
             ... wielding a +0 flail
              (23 damage)
             ... on level 6 of the Dungeon.
             The game lasted 00:18:25 (7787 turns).

MisterFreud the Fighter (Hill Orc Monk)             Turns: 7787, Time: 00:18:26

Health: -4/74      AC:  7    Str: 16    XL:     8   Next: 45%
Magic:  2/8        EV: 13    Int: 10    God:    Beogh [*.....]
Gold:   420        SH:  0    Dex: 13    Spells: 7/7 levels left

rFire    + . .     SeeInvis .   a - +1 hand axe
rCold    . . .     Gourm    .   (no shield)
rNeg     . . .     Faith    .   b - +0 robe
rPois    .         Spirit   .   (no helmet)
rElec    .         Reflect  .   m - +0 cloak
rCorr    .         Harm     .   (no gloves)
MR       .....                  B - +2 pair of boots
Stlth    ++........             (no amulet)
HPRegen  0.22/turn              t - ring of protection from fire
MPRegen  0.11/turn              (no ring)

@: no status effects
A: no striking features
a: Renounce Religion


You were on level 6 of the Dungeon.
You worshipped Beogh.
Beogh was aware of your devotion.
You were not hungry.

You visited 1 branch of the dungeon, and saw 7 of its levels.

You collected 420 gold pieces.

Inventory:

Hand Weapons
 a - a +1 hand axe (weapon)
Missiles
 d - 53 bolts
 k - 150 stones (quivered)
 n - 8 tomahawks
 o - 47 poisoned needles
 p - 76 arrows
 s - a throwing net
 w - 70 sling bullets
 z - 3 javelins
Armour
 b - a +0 robe (worn)
 m - a +0 cloak (worn)
 B - a +2 pair of boots (worn)
Jewellery
 t - a ring of protection from fire (left hand)
Wands
 C - a wand of acid (9)
Scrolls
 g - 7 scrolls of remove curse
 h - 3 scrolls of teleportation
 l - a scroll of amnesia {unknown}
 q - 3 scrolls of enchant weapon
 u - a scroll of fog {unknown}
 v - a scroll of summoning {unknown}
 x - a scroll of enchant armour {unknown}
 y - 4 scrolls of identify
 A - a scroll of magic mapping {unknown}
Potions
 e - a potion of agility
 f - 2 potions of brilliance
 i - 3 potions of curing
 j - a potion of flight
 r - a potion of lignification {unknown}
 D - 2 potions of heal wounds {unknown}
Comestibles
 c - 8 rations


   Skills:
 - Level 8.1 Fighting
 + Level 8.0 Axes
 - Level 6.0 Armour
 - Level 2.4 Dodging
 - Level 1.5 Stealth


You had 7 spell levels left.
You didn't know any spells.
Your spell library was empty.

Dungeon Overview and Level Annotations

Branches:
Dungeon (7/15)             Temple (0/1) D:5

Altars:
Ashenzari
Cheibriados
Nemelex Xobeh
Sif Muna
Trog

Annotations:
D:2 Terence
D:4 2 transporters


Message History

You hit the orc warrior.
The orc warrior is almost dead.
The orc warrior hits you with a +0 flail.
* * * LOW HITPOINT WARNING * * *
Throwing (i - inventory. (/) - cycle)
k - 151 stones (quivered)
Press: ? - help, Shift-Dir - straight line, f/p - orc warrior
Aim: an orc warrior, wielding a +0 flail and wearing a +0 plate armour (almost You throw a stone.
The stone hits the orc warrior but does no damage.
The orc warrior is almost dead.
The orc warrior drinks a potion.
The orc warrior is healed!
Fire/throw which item? (* to show all) (? for menu, Esc to quit)
Press: ? - help, Shift-Dir - straight line, f/p - orc warrior
Aim: an orc warrior, wielding a +0 flail and wearing a +0 plate armour You throw a javelin.
The javelin hits the orc warrior but does no damage.
The orc warrior is severely wounded.
The orc warrior hits you with a +0 flail!!
You die...
Beogh appreciates the orc warrior's killing of a heretic priest.

#.# #..# #.# #. #.# #..#
#.####### #.# #..### #........
#####.# #....# ######### ......#
#.##.# ######## ####### #.##.#
#....... ############ #.##.##
#.###### ...........# #.....# #.#
##########.# #@##..# #.# #.#
#o##..# #.# #.# ##>##..# #.# #.#
##...#..#####.#
#######.###.......##....######
#......#......................
####.#####.##.............#####..
...._.####.##.#........#### #..
......................###### #..


You could see an orc warrior.

Vanquished Creatures
  Grinder (D:6)
  Purgy (D:3)
  An ice beast (D:7)
  An ogre (D:5)
  A scorpion (D:7)
  2 crimson imps
  A quasit (D:5)
  A hound (D:4)
  2 bullfrog skeletons
  An orc wizard (D:5)
  5 worker ants
  An iguana (D:5)
  A hound skeleton (D:5)
  6 gnolls
  12 adders
  A shadow imp (D:7)
  2 adder skeletons
  4 dart slugs
  5 leopard geckos
  10 orcs
  2 giant cockroaches
  10 goblins
  9 hobgoblins
  11 jackals
  4 quokkas
  4 ball pythons
  10 bats
  9 frilled lizards
  A jackal skeleton (D:4)
  15 kobolds
  2 leopard gecko zombies
  4 rats
140 creatures vanquished.

Vanquished Creatures (others)
  An orc (D:7)
1 creature vanquished.

Grand Total: 141 creatures vanquished

Notes
Turn   | Place    | Note
-------+----------+-------------------------------------------
     0 | D:1      | MisterFreud the Hill Orc Monk began the quest for the Orb.
     0 | D:1      | Reached XP level 1. HP: 19/19 MP: 1/1
   205 | D:1      | Reached XP level 2. HP: 22/26 MP: 2/2
   368 | D:1      | Reached skill level 5 in Axes
   539 | D:1      | Reached XP level 3. HP: 31/31 MP: 3/3
  1396 | D:2      | Noticed Terence
  1721 | D:2      | Reached XP level 4. HP: 14/39 MP: 4/4
  1934 | D:2      | Found a sparkling altar of Nemelex Xobeh.
  2436 | D:3      | Reached XP level 5. HP: 35/45 MP: 5/5
  2522 | D:3      | Found a snail-covered altar of Cheibriados.
  2825 | D:3      | Noticed Purgy
  3362 | D:3      | Killed Purgy
  3362 | D:3      | Reached skill level 5 in Fighting
  3362 | D:3      | Reached XP level 6. HP: 41/56 MP: 6/6
  3737 | D:4      | Found a transporter.
  3774 | D:4      | Found a transporter.
  4149 | D:4      | Noticed a phantom
  4169 | D:5      | Entered Level 5 of the Dungeon
  4185 | D:4      | HP: 1/58 [phantom (6)]
  4660 | D:5      | Reached XP level 7. HP: 47/64 MP: 7/7
  5524 | D:5      | Found a staircase to the Ecumenical Temple.
  5618 | D:6      | Reached skill level 1 in Armour
  5627 | D:6      | Found a deep blue altar of Sif Muna.
  5800 | D:6      | Found a bloodstained altar of Trog.
  5879 | D:6      | Found a shattered altar of Ashenzari.
  5966 | D:6      | Noticed Grinder
  5982 | D:6      | Paralysed by something for 2 turns
  6097 | D:6      | Paralysed by Grinder for 7 turns
  6122 | D:6      | Killed Grinder
  6122 | D:6      | Reached XP level 8. HP: 21/74 MP: 8/8
  6851 | D:7      | Became a worshipper of Beogh the Brigand
  6851 | D:7      | Reached * piety under Beogh
  6851 | D:7      | Reached ** piety under Beogh
  7127 | D:7      | Reached skill level 5 in Armour
  7787 | D:6      | Slain by an orc warrior

Vault maps used:
D:1:      onia_arrival_mini_maze
D:2:      doesnt_xom_only_xom, nicolae_overflow_hidden_temple, fedhas_altar_2,
          uniq_terence
D:3:      kennysheep_slug_shrine, first_ration, wad_rectangle_vault, uniq_purgy
D:4:      gammafunk_wand_slinger
D:5:      minmay_temple_entry_junction_2
D:6:      cheibrodos_ashenzari_chains, overflow_temple_1_default, basic_altar,
          uniq_grinder

Skill      XL: |  1  2  3  4  5  6  7  8 |
---------------+-------------------------+-----
Axes           | 5 6 7 8 |  8.0
Fighting       | 5 6 8 |  8.1
Armour         | 4 6 |  6.0
Dodging        | |  2.4
Stealth        | |  1.5

Action                   |  1- 3 |  4- 6 |  7- 9 || total
-------------------------+-------+-------+-------++-------
Melee: Hand axe          |   144 |   281 |   206 ||   631
Throw: Tomahawk          |       |       |     1 ||     1
       Javelin           |       |       |     1 ||     1
       Stone             |       |       |     1 ||     1
Invok: Smiting           |       |       |     4 ||     4
       Convert to Beogh  |       |       |     1 ||     1
Evoke: Wand              |       |       |     4 ||     4
  Use: Scroll            |     4 |     6 |       ||    10
       Potion            |     1 |     3 |       ||     4
 Stab: Sleeping          |     5 |     6 |     1 ||    12
       Distracted        |       |     1 |       ||     1
  Eat: Chunk             |     3 |     8 |     5 ||    16
       Ration            |       |       |     2 ||     2
Armor: Robe              |    23 |    56 |    32 ||   111
Dodge: Dodged            |   103 |   186 |   133 ||   422

Table legend:
 A = Non-vault XP
 B = Vault XP
 C = Vault XP percentage of total XP
 D = Non-vault monster count
 E = Vault monster count
 F = Vault count percentage of total count
                 A         B        C        D         E       F
            +---------+---------+-------+---------+---------+-------
      Total |    1283 |     438 |  25.5 |     133 |       8 |   5.7
            +---------+---------+-------+---------+---------+-------
        D:1 |      48 |       0 |   0.0 |      25 |       0 |   0.0
        D:2 |      69 |       0 |   0.0 |      22 |       0 |   0.0
        D:3 |     155 |     157 |  50.3 |      34 |       7 |  17.1
        D:4 |     170 |       0 |   0.0 |      19 |       0 |   0.0
        D:5 |     363 |       0 |   0.0 |      13 |       0 |   0.0
        D:6 |     128 |     281 |  68.7 |       9 |       1 |  10.0
        D:7 |     350 |       0 |   0.0 |      11 |       0 |   0.0
            +---------+---------+-------+---------+---------+-------
